 Dungeon Crawl Stone Soup version 0.27.1-4-g1640c2035a (webtiles) character file.

Game seed: 579195986007700777

835201 Iepvzaeh the Conqueror (level 27, -14/273 HPs)
             Began as a Minotaur Berserker on Nov 4, 2021.
             Was the Champion of Trog.
             Killed from afar by a Hell Sentinel (57 damage)
             ... with damnation
             ... summoned by Dispater
             ... on level 7 of the Iron City of Dis on Nov 9, 2021.
             The game lasted 09:17:07 (125206 turns).

Iepvzaeh the Conqueror (Minotaur Berserker)       Turns: 125206, Time: 09:17:08

Health: -14/273    AC: 44    Str: 31    XL:     27
Magic:  17/17      EV: 21    Int:  5    God:    Trog [******]
Gold:   5508       SH: 29    Dex: 18    Spells: 26/26 levels left

rFire    + + .     SeeInvis .   a - +18 lance "Wyrmbane" {slay drac, rPois rF+ rC+ AC+3}
rCold    + + +     Faith    .   t - +1 tower shield {reflect}
rNeg     + + +     Spirit   .   R - +5 shadow dragon scales of Cynicism {rElec Dex+3 Stlth++++}
rPois    +         Reflect  +   q - +1 hat of Supimm {rC+ Will+++ Dex-5 Slay+3}
rElec    +         Harm     .   s - +4 cloak "Qizoq" {Dex+5}
rCorr    +         Rampage  .   i - +2 pair of gloves {Dex+3}
Will     +++++                  A - +2 pair of boots
Stlth    +++++++...             h - macabre finger necklace {rN+}
HPRegen  1.55/turn              u - ring of protection from fire
MPRegen  0.15/turn              I - ring of Obsession {+Blink rC+ rN+ rCorr}
                                j - ring "Emos" {rN+++ AC+4 Str+3 Slay+3}

@: strong-willed, unable to read, regenerating, hasted, studying 2 skills, very
quick
A: horns 2, retaliatory headbutt, clumsy 1, deformed body, low mp 2, poison
resistance, weak 1, inability to read while threatened
}: 5/15 runes: decaying, slimy, silver, abyssal, gossamer
a: Renounce Religion, Evoke Blink, Berserk, Trog's Hand, Brothers in Arms


You were on level 7 of the Iron City of Dis.
You worshipped Trog.
Trog was exalted by your worship.
You visited 13 branches of the dungeon, and saw 61 of its levels.
You visited the Abyss 3 times.
You visited 1 bazaar.
You also visited: Volcano and Desolation.

You collected 10838 gold pieces.
You spent 5330 gold pieces at shops.

Inventory:

Hand Weapons
 a - the +18 lance "Wyrmbane" (weapon) {slay drac, rPois rF+ rC+ AC+3}
   (You took it off a centaur warrior on level 14 of the Dungeon)

   It inflicts extra damage against dragons and draconians.
   AC:        It affects your AC (+3).
   rF:        It protects you from fire.
   rC:        It protects you from cold.
   rPois:     It protects you from poison.
 b - a +9 hand crossbow of flaming
 E - a +5 antimagic demon trident
 Y - the +9 trident of Certain Death {venom, rPois Will+ Stlth+}
   (You found it on level 1 of the Swamp)

   It poisons the flesh of those it strikes.
   rPois:     It protects you from poison.
   Will:      It increases your willpower.
   Stlth:     It makes you more stealthy.
Missiles
 l - 905 bolts
 w - 51 atropa-tipped darts (quivered)
 z - 13 boomerangs of dispersal
 W - a throwing net
Armour
 i - a +2 pair of gloves of dexterity (worn)
 q - the +1 hat of Supimm (worn) {rC+ Will+++ Dex-5 Slay+3}
   (You acquired it on level 2 of the Swamp)

   Dex:       It affects your dexterity (-5).
   Slay:      It affects your accuracy & damage with ranged weapons and melee
   (+3).
   rC:        It protects you from cold.
   Will:      It greatly increases your willpower.
 s - the +4 cloak "Qizoq" (worn) {Dex+5}
   (You bought it in a shop on level 9 of the Dungeon)

   Dex:       It affects your dexterity (+5).
 t - a +1 tower shield of reflection (worn)
 A - a +2 pair of boots (worn)
 R - the +5 shadow dragon scales of Cynicism (worn) {rElec Dex+3 Stlth++++}
   (You found it in the Desolation of Salt)

   Dex:       It affects your dexterity (+3).
   rElec:     It insulates you from electricity.
   Stlth:     It makes you much more stealthy.
Jewellery
 f - the ring "Zudi" {rElec rF+ rCorr}
   (You bought it in a shop on level 2 of the Orcish Mines)

   [ring of resist corrosion]

   rF:        It protects you from fire.
   rElec:     It insulates you from electricity.
   rCorr:     It protects you from acid and corrosion.
 h - the macabre finger necklace (around neck) {rN+}
   (You found it on level 14 of the Dungeon)

   [amulet of nothing]

   It enables you to equip an extra ring.
   rN:        It protects you from negative energy.
 j - the ring "Emos" (on amulet) {rN+++ AC+4 Str+3 Slay+3}
   (You acquired it on level 9 of the Dungeon)

   [ring of protection]

   AC:        It affects your AC (+4).
   Str:       It affects your strength (+3).
   Slay:      It affects your accuracy & damage with ranged weapons and melee
   (+3).
   rN:        It renders you almost immune to negative energy.
 u - a ring of protection from fire (left hand)
 x - the amulet of the Griffon {rF+ rC+ Regen+}
   (You found it on level 5 of the Vaults)

   [amulet of regeneration]

   rF:        It protects you from fire.
   rC:        It protects you from cold.
   Regen:     It increases your rate of health regeneration.
 I - the ring of Obsession (right hand) {+Blink rC+ rN+ rCorr}
   (You bought it in a shop on level 2 of the Elven Halls)

   [ring of resist corrosion]

   rC:        It protects you from cold.
   rN:        It protects you from negative energy.
   +Blink:    It lets you blink.
   rCorr:     It protects you from acid and corrosion.
 K - the ring of Checkmate {rC+ SInv}
   (You took it off a deep elf death mage on level 3 of the Elven Halls)

   [ring of see invisible]

   rC:        It protects you from cold.
   SInv:      It lets you see invisible.
 X - a +6 ring of strength
 Z - the ring "Camas" {Fly rElec rCorr Dex+3}
   (You found it in the Desolation of Salt)

   [ring of flight]

   Dex:       It affects your dexterity (+3).
   rElec:     It insulates you from electricity.
   Fly:       It grants you flight.
   rCorr:     It protects you from acid and corrosion.
Wands
 C - a wand of paralysis (31)
 F - a wand of iceblast (55)
 L - a wand of acid (7)
 O - a wand of mindburst (41)
 S - a wand of polymorph (63)
 T - a wand of digging (1)
Scrolls
 e - 10 scrolls of teleportation
 g - 2 scrolls of blinking
 n - 6 scrolls of fog
 v - a scroll of fear
 D - 7 scrolls of holy word
 H - 3 scrolls of silence
 P - 2 scrolls of magic mapping
 Q - 4 scrolls of summoning
Potions
 c - a potion of berserk rage
 k - 3 potions of haste
 m - 13 potions of curing
 o - 6 potions of ambrosia
 p - 7 potions of might
 r - 2 potions of heal wounds
 N - 2 potions of invisibility
 V - 5 potions of cancellation
Miscellaneous
 d - a phantom mirror (inert)
 y - a lightning rod (4/4)
 B - a phial of floods
 G - a box of beasts
 J - the horn of Geryon
 U - a piece from Xom's chessboard (15/15)


   Skills:
 O Level 27 Fighting
 + Level 7.1(19.9) Axes
 + Level 6.2(7.7) Maces & Flails
 O Level 27 Polearms
 - Level 15.8 Bows
 - Level 15.0 Crossbows
 + Level 6.0 Throwing
 + Level 25.7 Armour
 * Level 20.2 Dodging
 + Level 15.9 Stealth
 - Level 25.9 Shields
 + Level 8.2 Evocations


You had 26 spell levels left.
You didn't know any spells.
Your spell library was empty.

Dungeon Overview and Level Annotations

Branches:
Dungeon (15/15)            Temple (1/1) D:7            Lair (6/6) D:9
  Swamp (4/4) Lair:4       Spider (4/4) Lair:3        Slime (5/5) Lair:6
    Orc (2/2) D:9             Elf (3/3) Orc:2        Vaults (5/5) D:13
  Crypt (3/3) Vaults:3       Tomb (0/3) Crypt:3      Depths (5/5) D:15
   Hell (visited)             Dis (7/7) Hell            Geh (0/7) Hell
    Coc (0/7) Hell            Tar (0/7) Hell            Zot (0/5) Depths:5
Volcano (visited)         Desolation (visited)

Altars:
Cheibriados
Elyvilon
Gozag
Hepliaklqana
Kikubaaqudgha
Makhleb
Nemelex Xobeh
Okawaru
Ru
Uskayaw
Xom
Yredelemnul
Zin
The Shining One
Beogh
Jiyva
Lugonu

Shops:
D:9 [   D:10 :*(?   Orc:2 [*:=(   Elf:2 ?*=*?!   Elf:3 (   Vaults:1 !
Vaults:2 :   Vaults:3 [(?(*   Depths:1 :=:=   Depths:2 =*

Portals:
Hell: Depths:1 Depths:2 Depths:3 Depths:4 Depths:5
Abyss: Depths:2 Depths:4 Depths:5**
Pandemonium: Depths:3 Depths:5
Ziggurat: Depths:4

Annotations:
Dis:7 Dispater


Innate Abilities, Weirdness & Mutations

You have a pair of horns on your head.
You reflexively headbutt those who attack you in melee.
You are clumsy. (Dex -2)
Armour fits poorly on your strangely shaped body.
Your magical capacity is very low. (-20% MP)
Your system is resistant to poisons. (rPois)
You are weak. (Str -2)
You sometimes lose the ability to read scrolls when taking damage.


Message History

You headbutt the Hell Sentinel, but do no damage.
The Hell Sentinel is severely wounded.
You hear a roar!
The Hell Sentinel misses you. You furiously retaliate!
You headbutt the Hell Sentinel, but do no damage.
You block the Hell Sentinel's attack.
Unknown command.
You impale the Hell Sentinel!! Your headbutt misses the Hell Sentinel.
The Hell Sentinel is almost dead.
The Hell Sentinel disappears in a puff of smoke!
Dispater gestures.
The Hell Sentinel gestures at you.
The sphere of damnation explodes!
The damnation engulfs you!!
The damnation engulfs the Hell Sentinel.
The Hell Sentinel completely resists.
Unknown command.
Unknown command.
You cannot read scrolls in your current state!
You block Dispater's attack.
You block the Hell Sentinel's attack. x2
You block the Hell Sentinel's attack. x2
There is an open door, spattered with blood here.
Dispater gestures at you.
Your +1 tower shield of reflection reflects the iron shot!
The iron shot hits Dispater!!
The Hell Sentinel disappears in a puff of smoke!
The Hell Sentinel gestures at you. The iron shot hits you!!!
* * * LOW HITPOINT WARNING * * *
There is an open door, spattered with blood here.
You close the door.
Something unseen opens the door. "We have you now!"
Okay, then.
Okay, then.
You feel yourself speed up.
Dispater gestures.
The Hell Sentinel gestures at you.
The sphere of damnation explodes!
The damnation engulfs you!!
* * * LOW HITPOINT WARNING * * *
The Hell Sentinel gestures at you.
The sphere of damnation explodes!
The damnation engulfs you!!!
You die...

......................#########..
......................#)......#..
.#..#.#.#.#.#.#.#.#.#.####'##.#..
#######################.....#.#..
###########}|#..').#..'...(.#[#..
..........#")'..#..'..####'####..
..#..#.^#.################.##....
..........#.........&......###...
..........'....)@...1......##....
..#..#..#.################'###...
.......)..# ... '.#..##....
..........# .... #.#.1###...
......##### ....#######.#..##.).)
##'#### ...(.......#..###...
#...## ##.....((...#'###....
.....# ....#..#..#.#..###...
#...## ..(............##....


You could see Dispater and a Hell Sentinel (summoned).

Vanquished Creatures
  the Royal Jelly (Slime:5)
  5 dread liches
  A juggernaut (Depths:3)
  Mara (Crypt:1)
  Saint Roka (Orc:2)
  A caustic shrike (Depths:2)
  6 golden dragons
  Jory (Vaults:3)
  12 Brimstone Fiends
  23 iron giants
  4 Tzitzimimeh
  Jorgrun (D:14)
  5 tentacled monstrosities
  5 Ice Fiends
  8 liches
  3 titans (Vaults:5)
  2 deep elf master archers (Elf:3)
  Asterion (Vaults:3)
  9 Hell Sentinels
  2 quicksilver dragons (Dis:7)
  2 deep elf blademasters (Elf:3)
  16 tentacled starspawn
  15 acid blobs
  Kirke (Swamp:4)
  Frances (Lair:4)
  4 sphinxes
  The ghost of Jabberih the Spry, an adept MfIE of Vehumet (Elf:2)
  Donald (Swamp:2)
  42 ancient champions
  4 Executioners
  4 shadow dragons
  3 thorn hunters (Swamp:4)
  2 storm dragons
  8 tengu reavers
  12 rockslimes
  3 fenstrider witches (Swamp:4)
  13 azure jellies
  4 revenants
  The ghost of MadAsgardian the Grappler, a journeyman TrMo of Makhleb (D:15)
  A daeva (Abyss:3)
  11 fire giants
  5 deep elf sorcerers
  7 balrugs
  Louise (D:15)
  10 iron dragons
  6 frost giants
  Aizul (Lair:4)
  3 spectral juggernauts (Depths:4)
  20 vault wardens
  3 draconian knights
  7 cacodemons
  6 emperor scorpions
  A draconian annihilator (Depths:5)
  An orc warlord (Vaults:4)
  An imperial myrmidon (Desolation)
  2 caustic shrike zombies (Depths:4)
  5 ghost moths
  4 curse skulls
  A spectral caustic shrike (Depths:4)
  10 ghouls
  2 deep elf elementalists (Elf:3)
  3 spriggan defenders
  33 very ugly things
  12 quicksilver oozes
  A juggernaut skeleton (Depths:4)
  61 reapers
  15 war gargoyles
  16 stone giants
  5 deep elf demonologists
  20 starcursed masses
  22 ironbound preservers
  11 vampire knights
  A black draconian (Depths:5)
  4 bunyips
  4 entropy weavers
  A lorocyproca (Dis:6)
  A merfolk javelineer (Depths:4)
  3 halazid warlocks (Desolation)
  A white draconian (Depths:5)
  5 deep elf annihilators
  A red draconian (Depths:5)
  2 spark wasps
  2 spectral titans (Crypt:3)
  5 blizzard demons
  3 yellow draconians (Depths:5)
  3 dire elephants
  13 eidola
  7 crystal guardians
  3 fire dragons
  2 eleionomae (Swamp:3)
  A spectral golden dragon (Crypt:3)
  4 spectral quicksilver dragons (Crypt:3)
  Josephine (D:15)
  16 deep elf death magi
  13 yaktaur captains
  8 jiangshi
  15 ettins
  3 green deaths
  A shambling mangrove (Swamp:2)
  5 merfolk impalers (Depths:4)
  17 great orbs of eyes
  3 quicksilver dragon zombies
  5 ragged hierophants (Desolation)
  5 deep elf high priests
  A boulder beetle (shapeshifter) (Vaults:5)
  6 ironbound thunderhulks
  6 peacekeepers
  30 vault guards
  A spectral shadow dragon (Depths:4)
  11 ice dragons
  5 hell beasts
  A catoblepas (D:14)
  6 servants of whispers (Desolation)
  Erolcha (D:10)
  7 rakshasas
  5 ogre magi
  4 death knights
  19 hydras
  A ghost crab (Swamp:1)
  6 spriggan air magi
  5 alligators
  9 boulder beetles
  2 quicksilver dragon skeletons
  The ghost of BOMJPIETVODKU the Cleaver, a novice HOFi of Okawaru (D:10)
  6 two-headed ogres
  4 ironbound frosthearts
  An anaconda (shapeshifter) (Vaults:5)
  29 dancing weapons
  12 titan zombies
  12 deep troll shamans
  12 centaur warriors
  25 hell hogs
  18 thrashing horrors
  6 deep troll earth magi
  A spectral fire giant (Crypt:3)
  2 spectral dire elephants (Crypt:3)
  A spectral spriggan (Depths:4)
  8 orc high priests (Orc:2)
  A tengu warrior (Depths:1)
  4 spriggan berserkers
  5 ironbound beastmasters
  11 vampire magi
  2 titan skeletons
  4 spectral storm dragons (Crypt:3)
  18 hell knights
  Nergalle (D:10)
  Sonja (D:10)
  9 soul eaters
  7 sun demons
  11 shadow wraiths
  A fire crab (shapeshifter) (D:12)
  21 deep elf knights
  A spectral spark wasp (Depths:4)
  5 storm dragon zombies
  6 iron golems
  2 sixfirhies (Abyss:3)
  9 wretched stars
  10 iron trolls
  A storm dragon skeleton (Depths:4)
  4 goliath frogs
  4 golden dragon zombies
  A salamander mystic (Depths:5)
  103 skeletal warriors
  6 anaconda zombies
  5 spatial maelstroms
  4 spriggan druids
  A swamp dragon (shapeshifter) (D:15)
  5 swamp dragons
  An orange crystal statue (D:14)
  8 glowing orange brains
  86 deep trolls
  2 spectral iron dragons
  10 bog bodies
  19 flayed ghosts
  7 ghost moth zombies
  A death drake (Swamp:4)
  An obsidian statue (Elf:2)
  8 deep elf archers
  5 shadow demons
  23 phantasmal warriors
  Pikel (D:7)
  26 deep elf pyromancers
  6 lindwurms
  16 wizards
  16 ironbound convokers
  A lindwurm (shapeshifter) (Depths:2)
  A harpy (Vaults:2)
  2 golden dragon skeletons
  A spectral ettin (Crypt:3)
  59 ugly things
  A mana viper (Abyss:1)
  17 necromancers
  4 orc knights
  4 shining eyes
  An anaconda skeleton (Hell)
  20 orb spiders
  A mana viper (shapeshifter) (D:15)
  31 wolf spiders
  A spectral elf (Depths:4)
  2 wolf spider zombies
  9 frost giant zombies
  32 deep elf zephyrmancers
  6 iron dragon zombies
  A sphinx zombie (Crypt:1)
  10 fire giant zombies
  7 stone giant zombies
  6 shadow dragon zombies
  An orc sorcerer (Vaults:5)
  A salamander (shapeshifter) (D:15)
  5 cyclopes
  8 salamanders
  6 will-o-the-wisps
  A stone giant skeleton (Vaults:5)
  A shadow dragon skeleton (Vaults:3)
  4 manticores
  A goliath frog skeleton (Crypt:1)
  7 worldbinders (Abyss:3)
  2 iron dragon skeletons
  An ice statue (Hell)
  13 elephants
  3 spriggan zombies
  Maurice (D:10)
  A sphinx skeleton (Vaults:3)
  6 black mambas
  3 apocalypse crabs (Abyss:3)
  A moth of wrath (shapeshifter) (D:15)
  A shock serpent zombie (Dis:7)
  3 fire giant skeletons
  5 orange demons
  78 rust devils
  2 elf zombies (Depths:4)
  2 frost giant skeletons
  4 guardian serpents
  14 smoke demons
  A molten gargoyle (Hell)
  An eye of devastation (Slime:5)
  3 dire elephant zombies
  2 torpor snails
  2 titan simulacra
  19 vault sentinels
  4 emperor scorpion zombies
  A torpor snail (shapeshifter) (Depths:5)
  22 hellions
  38 yaktaurs
  A gargoyle (D:12)
  A yaktaur zombie (Vaults:5)
  18 cane toads
  2 rime drakes
  A red draconian zombie (Crypt:3)
  13 komodo dragons
  A spectral glowing shapeshifter (Depths:4)
  A kobold demonologist (D:11)
  22 unseen horrors
  19 demonic crawlers
  A catoblepas zombie (Dis:6)
  4 tengu conjurers
  37 freezing wraiths
  A catoblepas skeleton (Dis:4)
  4 hellwings
  2 efreet
  A sea snake zombie (Hell)
  16 red devils
  A polar bear (Lair:3)
  9 ancient zymes
  34 ice devils
  53 tormentors
  5 human skeletons (Vaults:3)
  9 hydra zombies
  A purple draconian skeleton (Crypt:2)
  A jumping spider (shapeshifter) (Vaults:5)
  A silent spectre (Abyss:3)
  A bloated husk (Swamp:4)
  3 meliai (D:14)
  A sea snake skeleton (Hell)
  A harpy zombie (Dis:6)
  6 trolls
  15 hornets
  17 jumping spiders
  A hydra skeleton (Dis:4)
  25 tyrant leeches
  50 saltlings (Desolation)
  A wind drake (shapeshifter) (Abyss:3)
  9 fire dragon zombies
  14 raiju (Abyss:3)
  A meliai zombie (D:10)
  Grinder (D:5)
  A blink frog (shapeshifter) (Abyss:3)
  108 slime creatures
  A satyr zombie (Crypt:1)
  33 blink frogs
  A dream sheep (shapeshifter) (Depths:2)
  2 iron dragon simulacra
  4 alligator zombies
  6 ice dragon zombies
  7 centaur simulacra (D:15)
  A spectral black mamba (Crypt:3)
  2 ettin skeletons
  6 air elementals
  A guardian serpent skeleton (Crypt:2)
  12 ettin zombies
  2 black mamba zombies (Dis:7)
  Sigmund (D:5)
  48 flying skulls
  2 ice dragon skeletons
  2 wind drake zombies
  5 fire bats
  7 spriggans
  A spriggan simulacrum (Depths:4)
  2 fire dragon skeletons
  36 small abominations
  A tarantella (shapeshifter) (Vaults:5)
  5 wyverns
  A dire elephant simulacrum (Crypt:2)
  43 redbacks
  21 tarantellas
  37 wraiths
  12 shadows
  3 vampires
  10 ynoxinuls
  An alligator skeleton (Dis:4)
  11 water elementals
  23 yaks
  34 large abominations
  6 basilisks
  6 fire elementals
  5 hogs (Swamp:4)
  9 golden eyes
  A yak (shapeshifter) (Vaults:5)
  7 neqoxecs
  24 vampire mosquitoes
  A redback simulacrum (D:15)
  13 chaos spawn
  A black mamba skeleton (Abyss:3)
  Edmund (D:5)
  A steam dragon (D:9)
  5 spatial vortices
  2 elf simulacra (Depths:4)
  15 swamp worms
  4 elf skeletons
  5 wargs
  8 cane toad zombies
  9 hydra simulacra
  A water nymph skeleton (Crypt:3)
  44 hell hounds
  A spectral snapping turtle (Crypt:3)
  6 water moccasins
  A merfolk skeleton (Dis:2)
  A two-headed ogre skeleton (Crypt:2)
  2 floating eyes
  An ice beast (shapeshifter) (Vaults:5)
  3 ice beasts
  An ogre skeleton (Vaults:3)
  2 swamp dragon zombies
  2 swamp drakes
  A deep troll skeleton (Crypt:3)
  18 orc warriors
  A manticore zombie (Dis:5)
  9 snapping turtle zombies
  2 black bears
  12 necrophages
  A sky beast (shapeshifter) (Vaults:5)
  An ettin simulacrum (Crypt:2)
  An ice dragon simulacrum (Crypt:2)
  A tengu (shapeshifter) (Abyss:3)
  17 wolves
  6 phantoms
  A swamp dragon skeleton (Crypt:3)
  6 ogres
  4 centaurs
  Blork the orc (D:5)
  2 kobold brigands
  A rime drake skeleton (Crypt:1)
  13 bullfrogs
  2 wyvern zombies
  3 scorpions
  2 earth elementals (Elf:1)
  A cyclops skeleton (Crypt:2)
  A raiju zombie (Crypt:2)
  A water moccasin skeleton (D:4)
  A swamp dragon simulacrum (Crypt:2)
  5 killer bees (D:11)
  2 troll zombies
  4 jellies
  60 wights
  2 howler monkeys
  3 electric eels
  A basilisk zombie (Crypt:3)
  A bullfrog zombie (D:7)
  A wolf skeleton (Crypt:3)
  A crimson imp (Depths:2)
  A human zombie (Crypt:2)
  5 centaur zombies
  5 hounds
  A jelly (shapeshifter) (Abyss:3)
  A gnoll shaman (D:8)
  5 quasits
  27 orc priests
  A centaur skeleton (D:7)
  62 iron imps
  An iguana (shapeshifter) (Vaults:5)
  An iguana (D:4)
  18 orc wizards
  4 hell rats
  A killer bee zombie (D:8)
  An ogre zombie (Dis:7)
  A tengu zombie (Crypt:2)
  A naga zombie (Abyss:3)
  A hound zombie (D:5)
  A hound skeleton (D:4)
  14 mummies
  A howler monkey zombie (D:7)
  12 gnolls
  Robin (D:2)
  5 adders
  A swamp drake zombie (Crypt:1)
  A shadow imp (Abyss:3)
  3 white imps
  5 ufetubi
  A worm zombie (Crypt:2)
  An adder skeleton (D:4)
  4 dart slugs
  2 worms (D:4)
  82 orcs
  5 endoplasms
  2 giant cockroaches
  12 goblins
  6 hobgoblins
  3 jackals (D:3)
  2 quokkas
  7 ball pythons
  A bat (D:3)
  3 frilled lizards
  18 kobolds
  2 kobold skeletons
  A kobold zombie (Dis:6)
  3 rats
  A river rat zombie (Crypt:1)
  4 lurking horrors (Abyss:3)
  A pillar of salt (Vaults:1)
  14 starspawn tentacles
3573 creatures vanquished.

Vanquished Creatures (collateral kills)
  Margery (Vaults:4)
  Geryon (Hell)
  A lich (Abyss:3)
  A rockslime (Slime:4)
  A very ugly thing (Depths:1)
  A stone giant (Vaults:5)
  3 reapers (Hell)
  Azrael (D:13)
  A fire dragon (shapeshifter) (Abyss:3)
  A hell hog (Hell)
  An orc high priest (Orc:2)
  A hell knight (Vaults:4)
  A storm dragon zombie (Depths:4)
  2 soul eaters (Hell)
  A deep troll (Vaults:5)
  A death drake (Abyss:3)
  An anaconda skeleton (Hell)
  2 salamanders (Volcano)
  A rust devil (Hell)
  3 elephants (Lair:5)
  A smoke demon (Hell)
  A molten gargoyle (Hell)
  2 elf zombies (Depths:4)
  A rime drake (D:15)
  A tengu conjurer (Depths:1)
  An ancient zyme (Abyss:3)
  A sea snake skeleton (Hell)
  A hydra zombie (Hell)
  2 blink frogs (Lair:1)
  A hydra skeleton (Hell)
  A centaur simulacrum (D:15)
  A fire bat (Volcano)
  4 starcursed masses (Abyss:3)
  5 orc priests (Orc:2)
  A white imp (Abyss:3)
  3 orcs (Orc:2)
53 creatures vanquished.

Vanquished Creatures (others)
  A ghost moth (Spider:4)
  A very ugly thing (Depths:1)
  An ironbound preserver (Vaults:2)
  A vampire knight (Hell)
  A hell hog (Depths:1)
  A thrashing horror (Abyss:3)
  A bloated husk (Swamp:2)
  A red devil (Abyss:3)
  A spriggan (Swamp:3)
  A golden eye (shapeshifter) (Abyss:3)
  A neqoxec (Abyss:3)
  A spatial vortex (Abyss:3)
  A hell hound (D:13)
  A swamp worm (Swamp:2)
  A large abomination (Abyss:3)
  An iron imp (Dis:7)
  An orc wizard (Orc:1)
  A hell rat (Hell)
  5 small abominations (Abyss:3)
  A kobold zombie (Dis:7)
  A briar patch (Swamp:4)
  17 foxfires
  26 fungi
  2 lurking horrors (Abyss:3)
  5 pillars of salt (Vaults:1)
  99 plants
  29 starspawn tentacles
  21 withered plants
224 creatures vanquished.

Grand Total: 3850 creatures vanquished

Notes
Turn   | Place    | Note
-------+----------+-------------------------------------------
     0 | D:1      | Iepvzaeh the Minotaur Berserker began the quest for the
                  | Orb.
     0 | D:1      | Reached XP level 1. HP: 19/19 MP: 0/0
   215 | D:1      | Reached XP level 2. HP: 27/27 MP: 1/1
   526 | D:1      | Found a faded altar of an unknown god.
   787 | D:2      | Reached XP level 3. HP: 12/33 MP: 2/2
  1245 | D:2      | Reached skill level 5 in Polearms
  1520 | D:2      | Reached XP level 4. HP: 29/41 MP: 3/3
  1762 | D:2      | Noticed Robin
  1767 | D:2      | Killed Robin
  1852 | D:2      | Reached ** piety under Trog
  1856 | D:2      | Found an iron altar of Okawaru.
  2269 | D:3      | Found a basalt altar of Yredelemnul.
  2298 | D:3      | Reached XP level 5. HP: 47/47 MP: 4/4
  2921 | D:4      | Found a sparkling altar of Nemelex Xobeh.
  2949 | D:4      | Reached skill level 5 in Fighting
  2949 | D:4      | Reached XP level 6. HP: 56/56 MP: 5/5
  3234 | D:4      | Reached XP level 7. HP: 48/61 MP: 6/6
  3896 | D:5      | Entered Level 5 of the Dungeon
  3896 | D:5      | Noticed Grinder
  4170 | D:5      | Killed Grinder
  4171 | D:5      | Reached skill level 5 in Armour
  4245 | D:5      | Reached *** piety under Trog
  4303 | D:5      | Noticed Edmund
  4321 | D:5      | Killed Edmund
  4326 | D:5      | Reached XP level 8. HP: 70/70 MP: 7/7
  4589 | D:5      | Noticed Sigmund
  5029 | D:5      | Killed Sigmund
  5030 | D:5      | Reached skill level 1 in Stealth
  5294 | D:5      | Found an ancient bone altar of Kikubaaqudgha.
  5296 | D:5      | Noticed Blork the orc
  5307 | D:5      | Killed Blork the orc
  5681 | D:6      | Noticed a manticore
  5767 | D:6      | Reached skill level 10 in Polearms
  5793 | D:6      | Killed a manticore
  5794 | D:6      | Reached skill level 1 in Throwing
  5794 | D:6      | Reached XP level 9. HP: 48/79 MP: 8/8
  6208 | D:6      | Found a shimmering altar of Xom.
  6211 | D:6      | Found a glowing golden altar of the Shining One.
  6216 | D:6      | Found a snail-covered altar of Cheibriados.
  6824 | D:6      | Reached skill level 1 in Bows
  7561 | D:7      | Noticed Pikel
  7569 | D:7      | Killed Pikel
  7574 | D:7      | Reached **** piety under Trog
  7975 | D:7      | Reached skill level 5 in Bows
  7987 | D:7      | Reached skill level 1 in Shields
  8001 | D:7      | Found a staircase to the Ecumenical Temple.
  8245 | D:7      | Found a burning altar of Makhleb.
  8643 | Temple   | Entered the Ecumenical Temple
  8692 | D:8      | Reached XP level 10. HP: 85/88 MP: 9/9
  9460 | D:8      | Noticed a two-headed ogre
  9468 | D:8      | Killed a two-headed ogre
  9469 | D:8      | Reached skill level 1 in Maces & Flails
  9926 | D:8      | Reached ***** piety under Trog
 10112 | D:9      | Found a staircase to the Orcish Mines.
 10115 | D:9      | Found Hatigint's Armour Emporium.
 10553 | D:9      | Found a staircase to the Lair.
 11493 | D:10     | Entered Level 10 of the Dungeon
 11533 | D:10     | Found a runed translucent door.
 11534 | D:10     | Noticed BOMJPIETVODKU's ghost (novice HOFi)
 11534 | D:10     | Noticed a cyclops
 11563 | D:10     | Found Recoc's General Store.
 11564 | D:10     | Found Viol's Book Shoppe.
 11564 | D:10     | Found Bif Nyro's Antique Weapon Shoppe.
 11565 | D:10     | Found Giveem's Magic Scroll Shoppe.
 11566 | D:10     | Noticed Maurice
 11586 | D:10     | Killed Maurice
 11587 | D:10     | Reached XP level 11. HP: 95/95 MP: 10/10
 11605 | D:10     | Bought a scroll of noise for 15 gold pieces
 11611 | D:10     | Bought a scroll of identify for 30 gold pieces
 11618 | D:10     | Bought a scroll of identify for 30 gold pieces
 11618 | D:10     | Bought a scroll of identify for 30 gold pieces
 11618 | D:10     | Bought a scroll of identify for 30 gold pieces
 11618 | D:10     | Bought a scroll of identify for 30 gold pieces
 11637 | D:10     | Found a sacrificial altar of Ru.
 11641 | D:10     | Found a glowing silver altar of Zin.
 11642 | D:10     | Found a white marble altar of Elyvilon.
 11649 | D:10     | Noticed Erolcha
 11664 | D:10     | Killed Erolcha
 11671 | D:10     | Noticed a centaur warrior
 11675 | D:10     | Killed a centaur warrior
 11930 | D:10     | Noticed Sonja
 11935 | D:10     | Killed Sonja
 12098 | D:10     | Noticed Nergalle
 12126 | D:10     | Killed Nergalle
 12127 | D:10     | Reached skill level 10 in Bows
 12533 | Lair:1   | Entered Level 1 of the Lair of Beasts
 12547 | Lair:1   | Reached skill level 1 in Evocations
 12881 | Lair:1   | Noticed a six-headed hydra
 12894 | Lair:1   | Killed a six-headed hydra
 13468 | Lair:1   | Reached skill level 10 in Fighting
 13468 | Lair:1   | Reached skill level 10 in Armour
 13916 | Lair:1   | Found a hide-covered altar of Uskayaw.
 14203 | Lair:2   | Reached XP level 12. HP: 107/107 MP: 11/11
 14277 | Lair:2   | Noticed an eight-headed hydra
 14283 | Lair:2   | Killed an eight-headed hydra
 15170 | Lair:3   | Found a hole to the Spider Nest.
 16131 | Lair:3   | Noticed a six-headed hydra
 16142 | Lair:3   | Killed a 12-headed hydra
 16418 | Lair:4   | Reached skill level 5 in Dodging
 16430 | Lair:4   | Identified the +3 leather armour of the Blue Moon {Rampage
                  | rElec Str+3 Stlth-}
 16494 | Lair:4   | Found a dark tunnel.
 16503 | Volcano  | Entered a volcano
 17377 | Volcano  | Reached skill level 5 in Shields
 17725 | Lair:4   | Found a staircase to the Swamp.
 18059 | Lair:4   | Received a gift from Trog
 18097 | Lair:4   | Reached XP level 13. HP: 91/117 MP: 12/12
 20346 | Lair:6   | Entered Level 6 of the Lair of Beasts
 22575 | Lair:6   | Reached XP level 14. HP: 90/127 MP: 13/13
 22931 | Lair:6   | Found a viscous altar of Jiyva.
 22931 | Lair:6   | Found a staircase to the Slime Pits.
 23159 | Lair:6   | Identified the +7 flail "Kuutuclepiu" {vorpal, Will+ Str-2
                  | Int+2}
 23631 | Orc:1    | Entered Level 1 of the Orcish Mines
 23644 | D:9      | Bought the +4 cloak "Qizoq" {Dex+5} for 630 gold pieces
 23835 | Orc:2    | Entered Level 2 of the Orcish Mines
 23943 | Orc:2    | Found a staircase to the Elven Halls.
 24037 | Orc:2    | Noticed Saint Roka
 24930 | Orc:2    | Found Tuseaf's Weapon Boutique.
 25427 | Orc:2    | Found Heshruysu's Antique Armour Shop.
 25427 | Orc:2    | Found Xizetuiv's Assorted Antiques.
 25539 | Orc:2    | Found Bosmokk's Book Shop.
 25539 | Orc:2    | Found Dawutih's Jewellery Shoppe.
 25591 | Orc:2    | Received a gift from Trog
 26105 | Orc:2    | Killed Saint Roka
 26106 | Orc:2    | Reached skill level 5 in Maces & Flails
 26383 | Orc:2    | Bought the ring "Zudi" {rElec rF+ rCorr} for 697 gold
                  | pieces
 26789 | Orc:1    | Reached skill level 1 in Axes
 26994 | D:10     | Killed BOMJPIETVODKU's ghost
 27647 | D:11     | Found a hazy altar of Hepliaklqana.
 28605 | D:12     | Identified the +6 morningstar of the Demagogue {flame,
                  | Will++ Int-5 Dex+6} (Trog gifted it to you on level 12 of
                  | the Dungeon)
 28605 | D:12     | Received a gift from Trog
 28783 | D:12     | You fall into a shaft and drop 2 floors!
 28791 | D:14     | Reached skill level 15 in Bows
 29801 | D:13     | Reached XP level 15. HP: 137/137 MP: 14/14
 29813 | D:13     | Reached skill level 5 in Axes
 30012 | D:13     | Noticed Azrael
 30479 | D:12     | Lost intelligence.
 30907 | D:13     | Killed Azrael
 31209 | D:13     | Found a gate to the Vaults.
 31922 | D:14     | Noticed Jorgrun
 32832 | D:14     | Found a runed translucent door.
 32834 | D:14     | Found the macabre finger necklace {rN+}
 32862 | D:14     | Killed Jorgrun
 34785 | D:14     | Identified the +5 dire flail of the Coward {flame, +Rage
                  | rC- Int+5}
 34851 | D:15     | Entered Level 15 of the Dungeon
 35079 | D:15     | Found a runed translucent gate.
 35079 | D:15     | Found a runed translucent gate.
 35079 | D:15     | Found a runed translucent gate.
 35135 | D:15     | Noticed MadAsgardian's ghost (journeyman TrMo)
 35151 | D:15     | Noticed Josephine
 35165 | D:15     | Killed Josephine
 35203 | D:15     | Found a staircase to the Depths.
 35210 | D:15     | Noticed Louise
 35212 | D:15     | Cast into level 3 of the Abyss (Louise)
 35219 | Abyss:3  | Found a corrupted altar of Lugonu.
 35272 | Abyss:3  | Noticed a tentacled starspawn
 35308 | Abyss:3  | Killed a tentacled starspawn
 35323 | Abyss:3  | Found a corrupted altar of Lugonu.
 35385 | Abyss:3  | Found a corrupted altar of Lugonu.
 35530 | Abyss:3  | Received a gift from Trog
 35653 | D:15     | Escaped the Abyss
 35711 | D:15     | Found a glowing golden altar of the Shining One.
 36160 | D:15     | Reached XP level 16. HP: 127/147 MP: 15/15
 36229 | D:15     | Killed Louise
 36997 | D:10     | Bought a scroll of blinking for 112 gold pieces
 37626 | D:15     | Killed MadAsgardian's ghost
 38003 | Swamp:1  | Entered Level 1 of the Swamp
 38083 | Swamp:1  | Noticed Frances
 38087 | Swamp:1  | Reached skill level 15 in Fighting
 38535 | Lair:4   | Killed Frances
 38536 | Lair:4   | Reached skill level 10 in Shields
 38826 | Swamp:1  | Noticed Aizul
 39302 | Lair:4   | Killed Aizul
 40110 | Swamp:1  | Identified the +9 trident of Certain Death {venom, rPois
                  | Will+ Stlth+}
 40290 | Orc:2    | Bought a +1 arbalest of flaming for 211 gold pieces
 40474 | Swamp:2  | Identified 2 scrolls of acquirement
 40480 | Swamp:2  | Acquired the +1 hat of Supimm {rC+ Will+++ Dex-5 Slay+3}
 40591 | Swamp:2  | Reached skill level 1 in Crossbows
 41751 | Swamp:1  | Reached skill level 15 in Polearms
 41952 | Swamp:2  | Noticed Donald
 41972 | Swamp:2  | Killed Donald
 42583 | Swamp:2  | Found a glowing silver altar of Zin.
 43856 | Swamp:3  | Reached skill level 15 in Armour
 43980 | Swamp:3  | Noticed a tentacled monstrosity
 44029 | Swamp:3  | Killed a tentacled monstrosity
 44030 | Swamp:3  | Reached skill level 5 in Crossbows
 44230 | D:10     | Bought a glowing hand crossbow for 169 gold pieces
 45069 | Spider:1 | Entered Level 1 of the Spider Nest
 45569 | Spider:1 | Reached XP level 17. HP: 158/158 MP: 16/16
 47344 | Spider:2 | Received a gift from Trog
 49279 | Spider:4 | Entered Level 4 of the Spider Nest
 49625 | Spider:4 | Received a gift from Trog
 51005 | Spider:4 | Got a gossamer rune of Zot
 51194 | Swamp:4  | Entered Level 4 of the Swamp
 51221 | Swamp:3  | Reached XP level 18. HP: 170/170 MP: 17/17
 51788 | Swamp:4  | Noticed a tentacled monstrosity
 51794 | Swamp:3  | Received a gift from Trog
 53508 | Swamp:4  | Got a decaying rune of Zot
 53618 | Swamp:4  | Noticed Kirke
 53645 | Swamp:4  | Killed Kirke
 53646 | Swamp:4  | Reached skill level 10 in Crossbows
 53891 | Swamp:4  | Killed a tentacled monstrosity
 54388 | D:9      | Acquired the ring "Emos" {rN+++ AC+4 Str+3 Slay+3}
 54548 | Vaults:1 | Entered Level 1 of the Vaults
 55084 | Vaults:1 | Reached ****** piety under Trog
 55209 | Vaults:1 | Found a crumbling gateway.
 55314 | Desolati | Entered the Desolation of Salt
 56333 | Desolati | Received a gift from Trog
 56743 | Desolati | Reached XP level 19. HP: 182/182 MP: 18/18
 57181 | Desolati | Identified the ring "Camas" {Fly rElec rCorr Dex+3}
 57391 | Desolati | Identified the +5 acid dragon scales "Qovom" {rCorr Str+4
                  | Stlth+}
 57795 | Desolati | Identified the +5 shadow dragon scales of Cynicism {rElec
                  | Dex+3 Stlth++++}
 58444 | Vaults:1 | Found Redet's Distillery.
 58453 | Vaults:1 | Bought 2 potions of heal wounds for 210 gold pieces
 58453 | Vaults:1 | Bought a potion of haste for 210 gold pieces
 58888 | Vaults:1 | Received a gift from Trog
 60782 | Vaults:2 | Reached XP level 20. HP: 193/193 MP: 19/19
 60786 | Vaults:2 | Reached skill level 15 in Shields
 60837 | Vaults:2 | Received a gift from Trog
 61181 | Vaults:2 | Found Waeseoril's Book Boutique.
 61329 | Vaults:3 | Found Hidwog's Magic Scroll Emporium.
 61333 | Vaults:3 | Bought a scroll of identify for 30 gold pieces
 61408 | Vaults:3 | You fall into a shaft and drop 1 floor!
 61651 | Vaults:3 | Found Cereetuj's Weapon Shop.
 61844 | Vaults:3 | Found Maujus's Antique Weapon Shoppe.
 61851 | Vaults:3 | Received a gift from Trog
 62173 | Vaults:3 | Noticed Asterion
 62197 | Vaults:3 | Killed Asterion
 62645 | Vaults:3 | Found a staircase to the Crypt.
 62716 | Vaults:3 | Found Dasuin's Armour Shoppe.
 62964 | Vaults:3 | Noticed Jory
 63003 | Vaults:3 | Killed Jory
 63408 | Vaults:3 | Found Ziebomp's Assorted Antiques.
 64091 | Vaults:4 | Received a gift from Trog
 64810 | Vaults:4 | Noticed Margery
 64847 | Vaults:4 | Killed Margery
 64848 | Vaults:4 | Reached XP level 21. HP: 194/206 MP: 20/20
 65087 | Vaults:4 | Received a gift from Trog
 66030 | Elf:1    | Entered Level 1 of the Elven Halls
 66565 | Elf:1    | Received a gift from Trog
 67468 | Elf:2    | Found Seuduy's Jewellery Shoppe.
 67495 | Elf:2    | Found a runed translucent gate.
 67495 | Elf:2    | Found a runed translucent gate.
 67495 | Elf:2    | Found a runed translucent gate.
 67497 | Elf:2    | Found an opulent altar of Gozag.
 67497 | Elf:2    | Found Jiyhepi's Assorted Antiques.
 67498 | Elf:2    | Found Biczamu's Assorted Antiques.
 67498 | Elf:2    | Noticed Jabberih's ghost (adept MfIE)
 67562 | Elf:2    | Found a runed translucent gate.
 67564 | Elf:2    | Found a runed translucent gate.
 67564 | Elf:2    | Found a runed translucent gate.
 67647 | Elf:2    | Found a gateway to a bazaar.
 67678 | Elf:2    | Found Faec's Magic Scroll Shoppe.
 67686 | Elf:2    | Bought a scroll of identify for 38 gold pieces
 67743 | Elf:2    | Found Moeg's Distillery.
 67831 | Elf:2    | Bought a potion of heal wounds for 100 gold pieces
 67831 | Elf:2    | Bought a potion of heal wounds for 100 gold pieces
 68018 | Elf:2    | Received a gift from Trog
 68192 | Elf:2    | Found Ruzu's Magic Scroll Shop.
 68197 | Elf:2    | Bought a scroll of identify for 24 gold pieces
 68197 | Elf:2    | Bought a scroll of identify for 24 gold pieces
 69107 | Elf:2    | Paralysed by an air elemental for 1 turns
 69133 | Elf:2    | Killed Jabberih's ghost
 69391 | Elf:2    | Paralysed by an air elemental for 1 turns
 69583 | Bazaar   | Entered a bazaar
 69585 | Bazaar   | Found Mefeyc's Jewellery Shoppe.
 69614 | Bazaar   | Found Qoamucem's Assorted Antiques.
 69624 | Bazaar   | Found Bauwk's Antique Weapon Boutique.
 69626 | Bazaar   | Found Leamy's Antique Armour Boutique.
 69635 | Bazaar   | Found Umaopt Seug's Assorted Antiques.
 69803 | Elf:3    | Entered Level 3 of the Elven Halls
 69826 | Elf:3    | Received a gift from Trog
 69835 | Elf:3    | Found Kaf Tyt's Weapon Emporium.
 69863 | Elf:3    | Paralysed by an air elemental for 1 turns
 70929 | Elf:3    | Identified the +9 great mace of the Middle {vamp, *Corrode
                  | rN++ Str+2 Dex-3}
 70929 | Elf:3    | Identified the ring of Checkmate {rC+ SInv}
 70976 | Elf:3    | Identified the +0 plate armour of the Distant Future
                  | {Stlth+}
 70993 | Elf:3    | Reached XP level 22. HP: 220/220 MP: 21/21
 70996 | Elf:3    | Identified the amulet "Mugiggicurch" {Faith rC- Int+6
                  | Dex+4}
 71046 | Elf:3    | Reached skill level 5 in Stealth
 71078 | Elf:3    | Gained mutation: Armour fits poorly on your strangely
                  | shaped body. [a cacodemon]
 71692 | Elf:3    | Identified the +2 robe "Paegoubof" {Str+6}
 72065 | Elf:3    | Reached skill level 15 in Crossbows
 72128 | Elf:3    | Found the +5 demon whip "Spellbinder" {antimagic, Will+}
 72333 | D:9      | Acquired 766 gold pieces
 72594 | Elf:2    | Bought a scroll of acquirement for 624 gold pieces
 72595 | Elf:2    | Acquired 887 gold pieces
 72649 | Elf:2    | Bought a scroll of silence for 142 gold pieces
 72901 | Depths:1 | Entered Level 1 of the Depths
 72996 | Depths:1 | Found a gateway to Hell.
 73188 | Depths:1 | Found Edehoace's Book Boutique.
 73590 | Depths:1 | Found Hash's Jewellery Boutique.
 73626 | Depths:1 | Received a gift from Trog
 73970 | Depths:1 | Found Rosouh's Book Shoppe.
 73971 | Depths:1 | Found Fosch's Jewellery Boutique.
 74230 | Depths:2 | Identified the +0 shadow dragon scales of the Apothecary
                  | {rF+ rC+ Stlth++++}
 75347 | Depths:2 | Found Zitiel's Assorted Antiques.
 75347 | Depths:2 | Found Yzugenah's Jewellery Boutique.
 75355 | Depths:2 | Bought a pair of glowing boots for 180 gold pieces
 75446 | Depths:2 | Found a one-way gate to the infinite horrors of the Abyss.
 75552 | Depths:2 | Received a gift from Trog
 75734 | Depths:2 | You fall into a shaft and drop 2 floors!
 76848 | Depths:3 | Reached XP level 23. HP: 231/234 MP: 22/22
 76871 | Depths:3 | Received a gift from Trog
 77276 | Depths:2 | Identified the amulet "Oggidurch" {Faith Int+4}
 77349 | Depths:2 | Noticed a caustic shrike
 77359 | Depths:2 | Killed a caustic shrike
 77363 | Depths:2 | Reached skill level 5 in Evocations
 78391 | Depths:3 | Noticed a juggernaut
 78408 | Depths:3 | Killed a juggernaut
 78457 | Depths:3 | Received a gift from Trog
 78529 | Depths:3 | Found a one-way gate leading to the halls of Pandemonium.
 80004 | Depths:4 | Found a gateway to a ziggurat.
 80335 | Depths:4 | Found an ancient bone altar of Kikubaaqudgha.
 80828 | Depths:4 | Received a gift from Trog
 81497 | Depths:4 | Found a shimmering altar of Xom.
 81715 | Depths:5 | Entered Level 5 of the Depths
 81715 | Depths:5 | Found a white marble altar of Elyvilon.
 81750 | Depths:4 | Reached XP level 24. HP: 237/247 MP: 22/22
 82058 | Depths:5 | Found a gate to the Realm of Zot.
 82264 | Depths:5 | Received a gift from Trog
 83165 | Depths:5 | Reached skill level 27 in Fighting
 83261 | Depths:5 | Found a corrupted altar of Lugonu.
 83397 | Depths:5 | Found the +8 demon trident "Rift" {distort, reach+}
 85001 | Vaults:5 | Entered Level 5 of the Vaults
 85003 | Vaults:5 | Noticed a dread lich
 85009 | Vaults:4 | Received a gift from Trog
 85182 | Vaults:5 | Killed a dread lich
 85617 | Vaults:5 | Identified the +5 scale mail "Naqaer" {-Tele Rampage
                  | Regen+}
 85669 | Vaults:5 | Noticed a dread lich
 85684 | Vaults:5 | Killed a dread lich
 85687 | Vaults:5 | Noticed a dread lich
 85710 | Vaults:5 | Killed a dread lich
 85763 | Vaults:5 | Reached XP level 25. HP: 257/257 MP: 22/22
 85839 | Vaults:5 | Received a gift from Trog
 85840 | Vaults:5 | Reached skill level 10 in Dodging
 85902 | Vaults:5 | Identified the amulet of the Griffon {rF+ rC+ Regen+}
 86324 | Vaults:5 | Identified the +5 whip "Qovisaf" {elec, rN+ Will- Dex+3}
 86577 | Vaults:5 | Identified the ring "Gavaf" {*Slow rN++ EV+4}
 86842 | Vaults:5 | Received a gift from Trog
 87002 | Vaults:5 | Identified the +0 robe "Punofats" {Regen+}
 87018 | Vaults:5 | Noticed a dread lich
 87026 | Vaults:5 | Killed a dread lich
 87612 | Vaults:5 | Got a silver rune of Zot
 87744 | Vaults:5 | Identified the +3 hunting sling of Ywieshro {freeze, SInv}
 88323 | Slime:1  | Entered Level 1 of the Pits of Slime
 88534 | Slime:1  | Gained mutation: You are weak. (Str -2) [a shining eye]
 88662 | Slime:4  | Gained mutation: You are dopey. (Int -2) [a shining eye]
 88672 | Slime:5  | Entered Level 5 of the Pits of Slime
 88744 | Slime:5  | Found a viscous altar of Jiyva.
 88744 | Slime:5  | Found the +8 trident of the Octopus King {venom, rElec
                  | rPois Will+}
 88747 | Slime:5  | Noticed the Royal Jelly
 89249 | Slime:5  | Received a gift from Trog
 90944 | Slime:5  | Killed the Royal Jelly
 90945 | Slime:5  | Reached XP level 26. HP: 191/266 MP: 22/22
 91642 | Slime:5  | Found the amulet of Vitality {Regen+ HP+15}
 91655 | Slime:5  | Identified the +8 demon whip of Fortitude {flame, rElec rC-
                  | Str+4 Stlth+}
 91673 | Slime:5  | Got a slimy rune of Zot
 91739 | Slime:5  | Identified the +0 scale mail of the Thirsty Friends {Int+5}
 91751 | Slime:5  | Identified the +2 trident "Qublit" {speed, rC++ SInv}
 91782 | Slime:5  | Identified the +6 leather armour of Onoxucu {rElec}
 91807 | Slime:5  | Identified the +7 quarterstaff "Cideel" {freeze, rN+ Int+2}
 92161 | Elf:2    | Bought the ring of Obsession {+Blink rC+ rN+ rCorr} for 542
                  | gold pieces
 92902 | Depths:2 | Voluntarily entered the Abyss.
 93066 | Abyss:1  | Found a corrupted altar of Lugonu.
 93406 | Abyss:2  | Paralysed by an air elemental for 1 turns
 93824 | Abyss:3  | Found a corrupted altar of Lugonu.
 93971 | Abyss:3  | Found a corrupted altar of Lugonu.
 94350 | Abyss:3  | Received a gift from Trog
 94717 | Abyss:3  | Paralysed by accursed screaming for 1 turns
 94753 | Abyss:3  | Paralysed by accursed screaming for 2 turns
 95292 | Abyss:3  | Paralysed by accursed screaming for 1 turns
 95338 | Abyss:3  | Got an abyssal rune of Zot
 95339 | Abyss:3  | Received a gift from Trog
 95943 | Abyss:3  | Gained mutation: Your body sometimes deteriorates upon
                  | taking damage. [a cacodemon]
 96166 | Abyss:3  | Paralysed by accursed screaming for 1 turns
 96177 | Abyss:3  | Gained mutation: Your system is resistant to poisons.
                  | (rPois) [a neqoxec]
 96539 | Abyss:3  | Lost intelligence.
 96895 | Depths:2 | Escaped the Abyss
 97217 | Elf:2    | Bought a +6 ring of intelligence for 702 gold pieces
 97742 | Elf:2    | Bought a potion of heal wounds for 100 gold pieces
 97742 | Elf:2    | Bought 2 potions of invisibility for 320 gold pieces
 97743 | Elf:2    | Lost mutation: You are dopey. (Int -2) [potion of mutation]
 97743 | Elf:2    | Lost mutation: Your body sometimes deteriorates upon taking
                  | damage. [potion of mutation]
 97743 | Elf:2    | Gained mutation: Your magical capacity is low. (-10% MP)
                  | [potion of mutation]
 98055 | Crypt:1  | Entered Level 1 of the Crypt
 98182 | Crypt:1  | Reached XP level 27. HP: 273/273 MP: 19/19
 98205 | Crypt:1  | Noticed Mara
 98216 | Crypt:1  | Killed Mara
 98260 | Crypt:1  | Received a gift from Trog
 98733 | Crypt:1  | Noticed a dread lich
 98740 | Crypt:1  | Killed a dread lich
 99851 | Crypt:2  | Identified the +4 mace "Awnel" {flame, Str+3} (Trog gifted
                  | it to you on level 2 of the Crypt)
 99851 | Crypt:2  | Received a gift from Trog
100086 | Crypt:3  | Entered Level 3 of the Crypt
100276 | Crypt:3  | Found a staircase to the Tomb.
100915 | Crypt:3  | Received a gift from Trog
100959 | Crypt:3  | Reached skill level 10 in Stealth
101314 | Crypt:3  | Identified the ring of Wishful Thinking {Wiz Int+3}
101631 | Crypt:3  | Identified the ring "Epurphutu" {rF- rCorr Dex+7}
101651 | Crypt:3  | Identified the ring "Athrebe" {rN+ Str+5}
101651 | Crypt:3  | Identified the ring "Xipe" {rN+ Int+5}
101761 | Crypt:3  | Received a gift from Trog
101787 | Crypt:3  | Identified the +1 robe of Apneb {rPois rCorr Stlth-}
101788 | Crypt:3  | Identified the +2 cloak of Jacioja {Rampage *Corrode rPois
                  | MP+9}
102150 | Hell     | Entered the Vestibule of Hell
102150 | Hell     | Noticed Geryon
103719 | Hell     | Cast into level 2 of the Abyss (reaper)
103725 | Hell     | Escaped the Abyss
104371 | Hell     | Killed Geryon
105165 | Hell     | Found a gateway to the Iron City of Dis.
105373 | Hell     | Found a gateway to the decaying netherworld of Tartarus.
105408 | Hell     | Received a gift from Trog
105620 | Hell     | Found a gateway to the freezing wastes of Cocytus.
105890 | Hell     | Found a gateway to the ashen valley of Gehenna.
105956 | Dis:1    | Entered Level 1 of the Iron City of Dis
107512 | Dis:2    | Received a gift from Trog
108303 | Dis:2    | Gained mutation: You are clumsy. (Dex -2) [a cacodemon]
108305 | Dis:2    | Gained mutation: You sometimes lose the ability to read
                  | scrolls when taking damage. [a cacodemon]
109431 | Dis:3    | Received a gift from Trog
110707 | Dis:3    | Reached skill level 15 in Dodging
110829 | Dis:3    | Received a gift from Trog
112602 | Dis:4    | Received a gift from Trog
113551 | Dis:5    | Received a gift from Trog
114598 | Dis:5    | Reached skill level 27 in Polearms
115588 | Dis:5    | Received a gift from Trog
117513 | Dis:6    | Received a gift from Trog
118192 | Dis:7    | Entered Level 7 of the Iron City of Dis
118474 | Dis:7    | Identified the +8 trident of Analysis {vorpal, Str+2 Dex+2
                  | Stlth-} (Trog gifted it to you on level 7 of the Iron City
                  | of Dis)
118474 | Dis:7    | Received a gift from Trog
119428 | Dis:7    | Reached skill level 5 in Throwing
119585 | Dis:7    | Reached skill level 15 in Stealth
119812 | Dis:7    | Received a gift from Trog
121090 | Dis:7    | HP: 8/273 [Hell Sentinel/damnation (31)]
121501 | Dis:7    | Received a gift from Trog
121541 | Dis:7    | Gained mutation: Your magical capacity is very low. (-20%
                  | MP) [a cacodemon]
123592 | Dis:7    | Identified the +6 quarterstaff of Melee {holy, Int+4}
123639 | Dis:7    | Identified the +6 mace of the Shoals {venom, Drain rN+
                  | Dex+4 Stlth+}
124381 | Dis:7    | Found the +4 staff of Dispater
124381 | Dis:7    | Noticed Dispater
124585 | Dis:7    | Received a gift from Trog
124660 | Dis:7    | Found the +7 great mace "Undeadhunter" {disrupt, rN+}
124662 | Dis:7    | Identified the +9 falchion of Hairy Innocence {vamp, rCorr}
125206 | Dis:7    | Killed from afar by a Hell Sentinel

Illustrated notes

Levels and vault maps discovered:
D:1:      eino_arrival_cavern_a, layout_basic,
          hellmonk_ecumenical_altar_arch_garden
D:2:      layout_loops_cross, basic_altar, guppyfry_early_orc_mine, uniq_robin
D:3:      layout_rooms, mainiacjoe_overflow_brackets,
          chequers_serial_rivers_micro_b, minmay_misc_feat_cross
D:4:      layout_gridville, nicolae_overflow_hidden_temple
D:5:      layout_rooms, kiku_gazebo_garden_becter, corexii_leaking_fountain,
          uniq_grinder, uniq_edmund, uniq_blork_the_orc, uniq_sigmund
D:6:      layout_layer_cave, grunt_temple_overflow_diamond
D:7:      layout_loops_ring, marbit_many_paths, minmay_temple_entry_tees,
          minmay_misc_feat_more_columns, uniq_pikel
D:8:      layout_cave_pools, water_boxes_lemuel
D:9:      layout_long_grid, lair_entry_dummy, orc_david_3, serial_bayou_pond_a
D:10:     layout_gridville, grunt_temple_overflow_open,
          ebering_ghost_inner_flame, minmay_shop_grid_forest, uniq_nergalle,
          uniq_erolcha, uniq_maurice, uniq_sonja
D:11:     layout_loops_cross, nicolae_hepliaklqana_hippocampus
D:12:     layout_big_octagon, serial_rivers, chequers_serial_rivers_room_b,
          chequers_serial_rivers_small_a, chequers_serial_rivers_large_a,
          chequers_serial_rivers_large_b, chequers_serial_rivers_room_b,
          chequers_serial_rivers_room_b
D:13:     layout_cave_pools, david_vaults_2, grunt_decor_clamped,
          dk_noncrumbling_3, uniq_azrael
D:14:     layout_roguey, hangedman_decor_push, minmay_misc_feat_enclosed,
          minmay_crystal_box, uniq_jorgrun
D:15:     hangedman_depths_entry_try_elsewhere_first, layout_loops_corners,
          gammafunk_ghost_icy, tso_altar, nrook_guardian_serpent_double,
          uniq_josephine, uniq_louise
Temple:   minmay_temple_bridge_abc
Lair:1:   layout_hall_layers, basic_altar
Lair:2:   layout_roguey, grunt_megastairs_2
Lair:3:   layout_chaotic_city, spider_nest_entry_rubble
Lair:4:   layout_hall_layers, skrybe_swamp_entry_bodies,
          nicolae_volcano_entry_batcave, infiniplex_staircase_pool_2
Lair:5:   layout_long_grid
Lair:6:   minmay_lair_end_frog_pond, layout_small_grid, slime_altar_1
Swamp:1:  layout_basic_swamp, evilmike_swamp_ruin_wall, swamp_pool3,
          nicolae_swamp_bean_lake, infiniplex_staircase_pool, uniq_frances,
          uniq_aizul
Swamp:2:  layout_basic_swamp, basic_altar, uniq_donald
Swamp:3:  layout_basic_swamp, evilmike_swamp_ruin_house_1
Swamp:4:  nzn_swamp_witches_coven, layout_basic_swamp, swamp_pool3, uniq_kirke
Spider:1: layout_spider_delve
Spider:2: layout_spider_delve, hangedman_stitches_earthworm
Spider:3: layout_spider_delve, nicolae_spider_jagged_tunnels
Spider:4: grunt_spider_rune_parallel
Slime:1:  layout_caves
Slime:2:  layout_caves
Slime:3:  layout_caves
Slime:4:  layout_caves
Slime:5
Orc:1:    layout_caves, basic_altar
Orc:2:    st_orc_town, layout_diamond_mine, serial_shops, shop, uniq_saint_roka
Elf:1:    layout_gridlike, minmay_elf_annihilation, grunt_megastairs_5
Elf:2:    nicolae_elf_blades_crystal_corner, layout_onion_city,
          ebering_ghost_gozag, serial_shops, statue_bzr, shop, shop,
          nicolae_shop_statue_plus, nicolae_stop_n_shop_1,
          kennysheep_underground_church
Elf:3:    elf_hall_gauntlet_wide, layout_gridlike, serial_shops,
          nicolae_diamond_shop, minmay_misc_feat_diagonals
Vaults:1: v_rooms_5, nicolae_vaults_triangles, hangedman_vaults_restitches,
          hangedman_vaults_cutoff, vaults_room_boxed, nicolae_vaults_theta,
          nicolae_vaults_circle_grid_a, vaults_mumra_lcd, v_misc_11,
          layout_vaults_ring, portal_desolation_entry_garden, serial_shops,
          nicolae_square_shop
Vaults:2: nicolae_vaults_ninety_degrees, grunt_vaults_funnel, v_misc_2,
          vaults_dpeg_hooks, st_star, vaults_room_door_ring,
          grunt_vaults_bifocal, v_alt_pattern_6, ontoclasm_vaults_ring_small,
          hangedman_vaults_river_flow, nicolae_vaults_little_ls,
          layout_vaults_maze_snakey, serial_shops, nicolae_lakefront_shop
Vaults:3: ontoclasm_vaults_idyll, nicolae_vaults_mini_display_case,
          minmay_crypt_entry_skeletal_spiral, vaults_dpeg_encased_lava,
          v_misc_29, vaults_standard_mumra_x, v_misc_15, ontoclasm_vaults_fault,
          ontoclasm_vaults_ring_large, ontoclasm_vaults_gateway,
          nicolae_vaults_border_crossing, layout_vaults_omnigrid, serial_shops,
          nicolae_shop_stone, shop, shop_fountains, nicolae_square_shop,
          shop_statue, uniq_jory, uniq_asterion
Vaults:4: v_pattern_3, nicolae_vaults_network_barrier, vaults_room_large_hall,
          nicolae_vaults_network_s, nicolae_vaults_windows_and_doors_thing,
          nicolae_vaults_little_squares_6, v_misc_15, v_alt_pattern_2,
          ontoclasm_vaults_shuriken, hangedman_vaults_locks,
          grunt_vaults_hallway_long, layout_vaults_omnicross, uniq_margery
Vaults:5
Crypt:1:  layout_regular_city, grunt_crypt_arrival_webbed, uniq_mara
Crypt:2:  layout_misc_corridors
Crypt:3:  due_elkab, layout_chaotic_city, tomb_entry_forgotten_bobbens,
          due_unseen_surprise
Depths:1: layout_cave_shapes, chequers_serial_rivers_micro_a, hell_entry,
          kennysheep_small_circle, minmay_shop_grove
Depths:2: minmay_stepped, layout_small_grid, grunt_hell_entry_dis_mu,
          hangedman_decor_peaks_small, abyss_entry,
          infiniplex_staircase_zigzag_2, serial_bayou_shore_a, minmay_shoptagon
Depths:3: cheibrodos_hall_of_evolution, layout_cave_shapes,
          small_statue_intersection, hell_entry, grunt_pan_entry_sceptre,
          chequers_jeans, minmay_staircase_windowed_small, serial_bayou_shore_b
Depths:4: evilmike_negative_zone, layout_gridlike, enter_ziggurat_b,
          minmay_fountain_box, abyss_entry, hangedman_coc_ice_floe,
          kennysheep_another_room, tgw_xom, infiniplex_staircase_diamond
Depths:5: grunt_zot_entry_funnels, layout_cave_pools, hell_entry,
          minmay_room_of_horrors, pan_entry, elyvilon_altar_5,
          grunt_ministairs_1, ebering_dispersal_statue_hall,
          chequers_serial_rivers_micro_d, hellmonk_guarded_unrand_rift
Hell
Dis:1:    layout_gridville
Dis:2:    layout_subdivisions
Dis:3:    layout_subdivisions
Dis:4:    layout_gridville
Dis:5:    layout_regular_city
Dis:6:    layout_gridville
Dis:7:    iron_city_of_dis [dis_old, dis_wall_3], layout_chaotic_city

Skill      XL: |  1  2  3  4  5  6  7  8  9 10 11 12 13 14 15 16 17 18 19 20 21 22 23 24 25 26 27 |
---------------+----------------------------------------------------------------------------------+-----
Fighting       | 4 5 6 7 8 10 11 12 13 14 16 17 19 20 21 23 25 26 27 | 27.0
Polearms       | 4 5 6 7 8 10 11 12 13 14 15 16 17 18 19 20 22 27 | 27.0
Dodging        | 3 4 5 6 7 8 9 10 11 20 | 20.2
Armour         | 3 4 5 7 8 9 10 11 12 13 14 15 16 17 18 19 20 25 | 25.7
Stealth        | 1 2 3 4 5 6 7 8 9 15 | 15.9
Throwing       | 1 2 3 4 6 |  6.0
Bows           | 6 8 10 12 14 15 | 15.8
Shields        | 1 3 4 5 7 9 10 12 13 14 15 16 17 18 19 21 24 25 | 25.9
Maces & Flails | 2 5 6 |  6.2
Evocations     | 1 2 3 4 5 6 7 8 |  8.2
Axes           | 4 7 |  7.1
Crossbows      | 5 8 10 12 13 14 15 | 15.0

Action                   |  1- 3 |  4- 6 |  7- 9 | 10-12 | 13-15 | 16-18 | 19-21 | 22-24 | 25-27 || total
-------------------------+-------+-------+-------+-------+-------+-------+-------+-------+-------++-------
Melee: Spear             |    54 |       |       |     2 |     3 |       |       |       |       ||    59
       Headbutt          |     6 |    15 |    30 |    51 |   278 |   395 |   363 |   372 |  1368 ||  2878
       Halberd           |     9 |   109 |   161 |   261 |   161 |       |       |       |       ||   701
       Dire flail        |       |       |       |    20 |    30 |       |       |       |       ||    50
       Flail             |       |       |       |       |   107 |       |       |       |       ||   107
       Battleaxe         |       |       |       |       |   183 |       |       |       |       ||   183
       Lance             |       |       |       |       |   309 |   203 |    22 |   636 |  4206 ||  5376
       Bardiche          |       |       |       |       |    51 |    24 |    15 |       |       ||    90
       Trident           |       |       |       |       |       |  1013 |  1030 |   520 |       ||  2563
 Fire: Shortbow          |       |       |   124 |   131 |       |       |       |       |       ||   255
       Longbow           |       |       |       |   178 |   469 |    62 |       |       |       ||   709
       Arbalest          |       |       |       |       |       |    40 |       |       |       ||    40
       Hand crossbow     |       |       |       |       |       |   253 |   570 |   516 |  1875 ||  3214
Throw: Dart              |       |       |    15 |    10 |    15 |    17 |    23 |       |    10 ||    90
Invok: Berserk           |     2 |     2 |     8 |     9 |    13 |     6 |     2 |     2 |     3 ||    47
       Trog's Hand       |       |       |     1 |     1 |     3 |     5 |     3 |     1 |    11 ||    25
       Brothers in Arms  |       |       |       |     4 |     6 |     5 |     3 |     2 |    13 ||    33
 Abil: Evoke Blink       |       |       |       |       |       |       |       |       |     2 ||     2
Evoke: Wand              |       |       |       |    24 |    70 |    32 |     5 |    13 |    18 ||   162
       Lightning rod     |       |       |       |       |       |       |     1 |     2 |     3 ||     6
       Phial of floods   |       |       |       |       |       |       |       |     1 |     1 ||     2
       Phantom mirror    |       |       |       |       |       |       |       |     1 |     4 ||     5
       Box of beasts     |       |       |       |       |       |       |       |     1 |       ||     1
  Use: Scroll            |       |       |       |    16 |    14 |    14 |    10 |    13 |    11 ||    78
       Potion            |       |       |       |       |     6 |     7 |     3 |     3 |    18 ||    37
 Stab: Distracted        |       |       |       |       |     1 |     2 |     2 |     6 |    16 ||    27
       Paralysed         |       |       |       |       |       |     2 |       |       |       ||     2
       Held in net/web   |       |       |       |       |       |     1 |       |       |       ||     1
       Sleeping          |       |       |       |       |       |       |     9 |     7 |    51 ||    67
       Confused          |       |       |       |       |       |       |     3 |       |       ||     3
       Invisible         |       |       |       |       |       |       |       |       |     1 ||     1
Armor: Animal skin       |     3 |       |       |       |       |       |       |       |       ||     3
       Chain mail        |     4 |    60 |   125 |   173 |   490 |   584 |    28 |       |       ||  1464
       Shadow dragon sca |       |       |       |       |       |       |   265 |   332 |   976 ||  1573
Dodge: Dodged            |    23 |    45 |   107 |   265 |   488 |   648 |   242 |   274 |   827 ||  2919
Block: Buckler           |     2 |       |       |       |       |       |       |       |       ||     2
       Other             |       |       |    24 |    89 |   146 |    29 |       |       |       ||   288
       Reflection        |       |       |     2 |     4 |     9 |    12 |    96 |    21 |    64 ||   208
       Kite shield       |       |       |       |     3 |    84 |   653 |   464 |   531 |   803 ||  2538
       Tower shield      |       |       |       |       |   253 |   185 |       |       |  2186 ||  2624
